General information
- name: BNet
- type: Ladder team game (AT/RT)
- host: Battle.net
- saver: hernando
map: Mur'gulOasis
- players: 8
- length: 24:08
- speed: Fast
- version: 1.21 W3XP
- replay type: Public
» download(148 KB)
Players
team 1 (loser)

»
SoulofThasama34 (
green | 35 APM | 626 actions | 17:49)
5 Crypt Lord
3 Carrion Beetles
2 Spiked Carapace
1 Death Knight
1 Death Coil
» actions
| Assign group hotkey | 28 | |
| Build / train | 55 | |
| Enter build submenu | 11 | |
| Enter hero's abilities submenu | 7 | |
| Right click | 283 | |
| Select / deselect | 206 | |
| Select group hotkey | 3 | |
| Use ability | 33 | |
626 total
» units
| Acolyte | 11 | |
| Ghoul | 6 | |
| Frost Wyrm | 6 | |
| Crypt Fiend | 2 | |
25 total
» upgrades
| Creature Attack | 2 | |
| Creature Carapace | 1 | |
| Freezing Breath | 1 | |
| Web | 1 | |
5 total
» buildings
| Altar of Darkness | 1 | |
| Ziggurat | 7 | |
| Crypt | 1 | |
| Nerubian Tower | 2 | |
| Graveyard | 1 | |
| Halls of the Dead | 1 | |
| Black Citadel | 2 | |
| Sacrificial Pit | 1 | |
| Boneyard | 3 | |
19 total
» build order
00:08 Altar of Darkness
00:10 Ziggurat
00:14 Crypt
01:03 Nerubian Tower
01:03 Nerubian Tower
01:55 Ziggurat
02:22 Graveyard
02:43 Ziggurat
03:26 Halls of the Dead
04:03 Ziggurat
04:03 Ziggurat
05:47 Black Citadel
05:51 Sacrificial Pit
05:54 Ziggurat
05:54 Ziggurat
08:18 Boneyard
08:19 Boneyard
08:21 Boneyard

»
BigBlackSausage (
red | 30 APM | 539 actions | 17:53)
3 Archmage
2 Blizzard
1 Summon Water Elemental
» actions
| Basic commands | 31 | |
| Build / train | 52 | |
| Enter build submenu | 22 | |
| Enter hero's abilities submenu | 3 | |
| Remove unit from queue | 2 | |
| Right click | 150 | |
| Select / deselect | 243 | |
| Use ability | 36 | |
539 total
» units
| Peasant | 13 | |
| Rifleman | 7 | |
| Mortar Team | 17 | |
| Flying Machine | 1 | |
38 total
» upgrades
| Long Rifles | 1 | |
| Gunpowder | 2 | |
| Armor | 1 | |
| Barrage | 1 | |
5 total
» buildings
| Farm | 11 | |
| Altar of Kings | 1 | |
| Barracks | 1 | |
| Blacksmith | 1 | |
| Keep | 1 | |
| Lumber Mill | 1 | |
| Scout Tower | 1 | |
| Workshop | 2 | |
| Guard Tower | 1 | |
| Castle | 1 | |
| Arcane Vault | 1 | |
22 total
» build order
00:12 Farm
00:24 Altar of Kings
01:07 Barracks
01:21 Blacksmith
01:40 Farm
02:26 Farm
03:19 Keep
04:05 Farm
04:47 Lumber Mill
04:52 Scout Tower
05:37 Farm
05:45 Workshop
06:04 Guard Tower
06:15 Workshop
06:22 Farm
07:30 Farm
08:13 Farm
09:24 Farm
09:51 Farm
10:12 Farm
15:01 Castle
15:22 Arcane Vault

»
TruSoulja (
blue | 26 APM | 470 actions | 17:55)
4 Paladin
2 Devotion Aura
2 Holy Light
» actions
| Assign group hotkey | 5 | |
| Basic commands | 7 | |
| Build / train | 48 | |
| Enter build submenu | 18 | |
| Enter hero's abilities submenu | 4 | |
| Remove unit from queue | 1 | |
| Right click | 153 | |
| Select / deselect | 176 | |
| Select group hotkey | 17 | |
| Use ability | 41 | |
470 total
» units
| Peasant | 9 | |
| Footman | 6 | |
| Knight | 9 | |
| Flying Machine | 5 | |
29 total
» upgrades
| Lumber Harvesting | 1 | |
| Animal War Training | 1 | |
| Swords | 2 | |
| Flak Cannons | 1 | |
| Flying Machine Bombs | 1 | |
6 total
» buildings
| Altar of Kings | 1 | |
| Farm | 13 | |
| Barracks | 2 | |
| Keep | 1 | |
| Castle | 1 | |
| Lumber Mill | 1 | |
| Blacksmith | 1 | |
| Arcane Vault | 1 | |
| Workshop | 1 | |
22 total
» build order
00:14 Altar of Kings
00:30 Farm
00:39 Barracks
01:08 Farm
01:50 Farm
02:39 Farm
02:56 Keep
04:51 Farm
05:20 Castle
05:36 Farm
05:51 Lumber Mill
06:12 Barracks
06:17 Blacksmith
06:33 Farm
07:31 Farm
08:27 Farm
09:11 Arcane Vault
09:30 Farm
09:31 Farm
09:33 Farm
09:35 Farm
14:06 Workshop
» items
| Scroll of Town Portal | 1 | |
| Orb of Fire | 1 | |
2 total
THE_BLOODLAW (
purple | 53 APM | 1289 actions | 24:06)
6 Blood Mage
3 Flame Strike
2 Siphon Mana
1 Summon Phoenix
» actions
| Assign group hotkey | 4 | |
| Basic commands | 42 | |
| Build / train | 72 | |
| ESC pressed | 5 | |
| Enter build submenu | 22 | |
| Enter hero's abilities submenu | 6 | |
| Give item / drop item | 5 | |
| Right click | 764 | |
| Select / deselect | 253 | |
| Select group hotkey | 25 | |
| Use ability | 91 | |
1289 total
» units
» upgrades
» buildings
| Altar of Kings | 1 | |
| Farm | 3 | |
| Arcane Vault | 2 | |
| Lumber Mill | 1 | |
| Scout Tower | 13 | |
| Guard Tower | 12 | |
| Arcane Tower | 1 | |
| Keep | 1 | |
| Castle | 1 | |
35 total
» build order
00:04 Altar of Kings
00:06 Farm
01:09 Arcane Vault
01:43 Lumber Mill
02:33 Arcane Vault
02:42 Scout Tower
03:30 Guard Tower
03:48 Farm
03:54 Scout Tower
04:37 Farm
04:40 Scout Tower
04:42 Arcane Tower
05:13 Guard Tower
06:08 Keep
08:24 Scout Tower
08:56 Guard Tower
11:07 Castle
11:14 Scout Tower
12:44 Guard Tower
13:29 Scout Tower
14:17 Scout Tower
14:18 Guard Tower
14:55 Scout Tower
14:57 Guard Tower
15:57 Scout Tower
15:59 Guard Tower
16:30 Guard Tower
16:38 Scout Tower
17:20 Scout Tower
17:22 Guard Tower
18:17 Guard Tower
18:20 Scout Tower
18:53 Guard Tower
18:55 Scout Tower
20:28 Guard Tower
» items
| Mechanical Critter | 1 | |
| Lesser Clarity Potion | 5 | |
| Scroll of Regeneration | 4 | |
| Boots of Speed | 1 | |
| Staff of Teleportation | 1 | |
| Periapt of Vitality | 1 | |
| Circlet of Nobility | 2 | |
| Potion of Mana | 3 | |
| Potion of Healing | 4 | |
| Ivory Tower | 5 | |
| Potion of Invisibility | 3 | |
| Potion of Lesser Invulnerability | 1 | |
| Scroll of Town Portal | 5 | |
36 total
team 2 (winner)
ErgoProxy_ (
yellow | 55 APM | 1324 actions | 24:06)
6 Priestess of the Moon
3 Trueshot Aura
2 Searing Arrows
1 Starfall
5 Keeper of the Grove
3 Entangling Roots
2 Force of Nature
1 Dark Ranger
1 Black Arrow
» actions
| Assign group hotkey | 38 | |
| Build / train | 85 | |
| Enter build submenu | 18 | |
| Enter hero's abilities submenu | 12 | |
| Give item / drop item | 11 | |
| Right click | 474 | |
| Select / deselect | 319 | |
| Select group hotkey | 301 | |
| Use ability | 66 | |
1324 total
» units
| Wisp | 14 | |
| Archer | 17 | |
| Huntress | 4 | |
| Hippogryph | 13 | |
48 total
» upgrades
| Strength of the Moon | 3 | |
| Moon Armor | 3 | |
| Ultravision | 1 | |
| Improved Bows | 1 | |
| Sentinel | 1 | |
| Hippogryph Taming | 1 | |
| Marksmanship | 1 | |
| Well Spring | 1 | |
12 total
» buildings
| Moon Well | 6 | |
| Altar of Elders | 1 | |
| Ancient of War | 1 | |
| Ancient of Wonders | 1 | |
| Hunter's Hall | 1 | |
| Tree of Ages | 1 | |
| Ancient of Wind | 2 | |
| Tree of Eternity | 1 | |
| Tree of Life | 3 | |
| Chimaera Roost | 2 | |
19 total
» build order
00:19 Moon Well
00:33 Altar of Elders
00:47 Ancient of War
01:37 Moon Well
01:55 Ancient of Wonders
02:25 Hunter's Hall
03:04 Moon Well
04:06 Moon Well
05:40 Tree of Ages
07:04 Moon Well
08:03 Ancient of Wind
08:07 Ancient of Wind
10:45 Tree of Eternity
12:44 Moon Well
19:52 Tree of Life
20:00 Tree of Life
20:07 Tree of Life
21:17 Chimaera Roost
21:20 Chimaera Roost
» items
| Circlet of Nobility | 1 | |
| Moonstone | 1 | |
| Potion of Lesser Invulnerability | 1 | |
| Scroll of Town Portal | 2 | |
| Scroll of Speed | 1 | |
| Boots of Speed | 1 | |
| Anti-magic Potion | 1 | |
8 total
hernando (
teal | 59 APM | 1419 actions | 24:08)
6 Blademaster
2 Wind Walk
3 Critical Strike
1 Bladestorm
» actions
| Assign group hotkey | 20 | |
| Basic commands | 26 | |
| Build / train | 59 | |
| Enter build submenu | 20 | |
| Enter hero's abilities submenu | 6 | |
| Remove unit from queue | 3 | |
| Right click | 548 | |
| Select / deselect | 303 | |
| Select group hotkey | 371 | |
| Use ability | 63 | |
1419 total
» units
| Peon | 7 | |
| Grunt | 12 | |
| Shaman | 8 | |
| Troll Witch Doctor | 3 | |
| Tauren | 5 | |
| Demolisher | 2 | |
37 total
» upgrades
| Berserker Strength | 1 | |
| Shaman Training | 2 | |
| Melee Weapons | 1 | |
| Armor | 1 | |
| Witch Doctor Training | 2 | |
| Spirit Walker Training | 1 | |
| Pulverize | 1 | |
9 total
» buildings
| Altar of Storms | 1 | |
| Orc Burrow | 6 | |
| Barracks | 1 | |
| Stronghold | 1 | |
| Fortress | 1 | |
| Spirit Lodge | 2 | |
| War Mill | 1 | |
| Voodoo Lounge | 1 | |
| Tauren Totem | 2 | |
| Watch Tower | 6 | |
22 total
» build order
00:12 Altar of Storms
00:20 Orc Burrow
00:39 Barracks
01:43 Orc Burrow
02:34 Stronghold
04:42 Orc Burrow
04:58 Fortress
05:07 Spirit Lodge
05:10 Spirit Lodge
06:57 Orc Burrow
07:01 War Mill
09:01 Voodoo Lounge
09:24 Orc Burrow
13:51 Tauren Totem
13:56 Tauren Totem
14:29 Watch Tower
14:31 Watch Tower
14:32 Watch Tower
17:02 Orc Burrow
20:10 Watch Tower
20:10 Watch Tower
20:11 Watch Tower
» items

»
Wa(r) (
orange | 45 APM | 1095 actions | 24:06)
6 Blood Mage
2 Siphon Mana
3 Flame Strike
1 Summon Phoenix
» actions
| Assign group hotkey | 24 | |
| Basic commands | 1 | |
| Build / train | 70 | |
| ESC pressed | 1 | |
| Enter build submenu | 26 | |
| Enter hero's abilities submenu | 6 | |
| Remove unit from queue | 3 | |
| Right click | 344 | |
| Select / deselect | 314 | |
| Select group hotkey | 251 | |
| Use ability | 55 | |
1095 total
» units
| Peasant | 24 | |
| Rifleman | 15 | |
| Priest | 5 | |
| Sorceress | 5 | |
49 total
» upgrades
| Lumber Harvesting | 2 | |
| Long Rifles | 1 | |
| Magic Sentry | 1 | |
4 total
» buildings
| Altar of Kings | 1 | |
| Farm | 12 | |
| Lumber Mill | 1 | |
| Barracks | 3 | |
| Blacksmith | 1 | |
| Scout Tower | 8 | |
| Arcane Tower | 3 | |
| Guard Tower | 3 | |
| Keep | 1 | |
| Arcane Vault | 1 | |
| Arcane Sanctum | 1 | |
| Castle | 1 | |
36 total
» build order
00:11 Altar of Kings
00:14 Farm
00:26 Lumber Mill
01:37 Farm
01:39 Farm
02:00 Barracks
02:56 Blacksmith
03:01 Barracks
03:27 Scout Tower
03:43 Scout Tower
03:47 Scout Tower
04:15 Arcane Tower
04:32 Scout Tower
04:40 Scout Tower
05:04 Guard Tower
05:05 Guard Tower
05:27 Farm
05:28 Farm
05:29 Farm
06:21 Barracks
06:59 Keep
07:19 Scout Tower
08:01 Arcane Tower
08:05 Scout Tower
08:34 Guard Tower
08:41 Farm
09:15 Arcane Vault
09:29 Arcane Sanctum
14:14 Farm
14:15 Farm
14:55 Castle
16:08 Scout Tower
17:12 Castle
18:31 Arcane Tower
22:41 Farm
22:41 Farm
22:42 Farm
lvl70taurensham (
pink | 47 APM | 1132 actions | 24:06)
6 Far Seer
2 Feral Spirit
3 Chain Lighting
1 Earth Quake
5 Tauren Chieftain
3 Endurance Aura
2 War Stomp
» actions
| Assign group hotkey | 19 | |
| Basic commands | 10 | |
| Build / train | 57 | |
| Enter build submenu | 20 | |
| Enter hero's abilities submenu | 11 | |
| Give item / drop item | 1 | |
| Right click | 633 | |
| Select / deselect | 252 | |
| Select group hotkey | 18 | |
| Use ability | 111 | |
1132 total
» units
» upgrades
| Melee Weapons | 1 | |
| Berserker Strength | 1 | |
| Pillage | 1 | |
| Ensnare | 1 | |
4 total
» buildings
| Altar of Storms | 1 | |
| Orc Burrow | 5 | |
| Barracks | 1 | |
| War Mill | 1 | |
| Voodoo Lounge | 2 | |
| Watch Tower | 5 | |
| Stronghold | 1 | |
| Beastiary | 2 | |
| Fortress | 1 | |
| Great Hall | 1 | |
20 total
» build order
00:09 Altar of Storms
00:17 Orc Burrow
00:50 Barracks
02:10 War Mill
02:39 Voodoo Lounge
02:42 Orc Burrow
04:37 Watch Tower
05:31 Stronghold
05:34 Orc Burrow
05:48 Watch Tower
06:29 Orc Burrow
08:05 Beastiary
09:21 Beastiary
10:58 Voodoo Lounge
12:35 Watch Tower
14:29 Fortress
14:32 Watch Tower
14:36 Orc Burrow
15:11 Watch Tower
16:55 Great Hall
» items
| Scroll of Speed | 3 | |
| Healing Salve | 3 | |
| Lesser Clarity Potion | 4 | |
| Boots of Speed | 1 | |
| Scroll of Healing | 1 | |
| Potion of Lesser Invulnerability | 1 | |
| Scroll of Town Portal | 2 | |
| Potion of Invisibility | 4 | |
19 total
Chat log
(00:06 / Allies) hernando: grunts and shamans
(00:14 / Allies) ErgoProxy_: caro mi è il sonno, e più l'esser di sasso
(00:23 / Allies) hernando: k
(00:37 / Allies) Wa(r): rifles//casters
(00:41 / All) ErgoProxy_: caro mi è il sonno, e più l'esser di sasso ???
(00:56 / All) ErgoProxy_: ?
(01:01 / Allies) hernando: ?
(01:19 / All) THE_BLOODLAW: WHAT LANGUAGE ARE YOU SPEAKING MY DEAR FRIEND
(01:22 / All) hernando: lol
(01:50 / All) lvl70taurensham: YOUR EYEBROWS WILL NOT SAVE YOU TODAY BLOODLAW
(04:26 / All) hernando: lol a wolf bit u
(04:48 / All) THE_BLOODLAW: GTFO
(04:52 / All) THE_BLOODLAW: OWNED
(04:53 / All) hernando: welp
(04:56 / All) THE_BLOODLAW: DON'T MESS WITH THE BLOODLAW
(05:05 / All) hernando: why not
(05:25 / All) SoulofThasama34: why not he asks, after just getting burned to death...
(05:36 / All) hernando: well i mean, it seems he wants confrontation
(05:38 / All) hernando: in the first place
(05:56 / All) hernando: so is the bloodlaw one of phony pacifism??
(06:12 / All) ErgoProxy_: caro mi è il sonno, e più l'esser di sasso ?!??!?!
(06:15 / All) THE_BLOODLAW: NO
(06:18 / All) THE_BLOODLAW: YOU ATTACKED FIRST
(06:19 / All) hernando: what he said ^^
(07:35 / All) THE_BLOODLAW: SHOOT
(07:37 / All) THE_BLOODLAW: I MESSED IT UP
(07:41 / All) ErgoProxy_: NOCTURNA!
(07:44 / All) hernando: hahaha
(07:48 / All) hernando: NOCTURNA
(10:56 / All) hernando: NOCTURNA
(12:08 / Allies) hernando: get those wyrms dammit
(12:12 / Allies) hernando: ty
(12:49 / All) hernando: i nocturnad the fuck outta there
(13:09 / All) THE_BLOODLAW: OH NO
(13:16 / All) hernando: youve been trapped by a net contraption
(13:21 / All) THE_BLOODLAW: I THINK HACK
(14:20 / All) hernando: lol
(15:11 / Allies) hernando: m,eet
(15:23 / All) THE_BLOODLAW: JESUS
(15:31 / All) THE_BLOODLAW: IMBALANCE
(15:50 / All) lvl70taurensham: YOU NEED TO BECOME BETTER WITH THE BLOODLAW
(16:09 / All) THE_BLOODLAW: I KNOW
(16:13 / All) THE_BLOODLAW: HOW TO CONTROL THE BLOODLAW
(16:56 / Allies) hernando: ?
(17:33 / All) ErgoProxy_: caro mi è il sonno, e più l'esser di sasso !!!!!!!!!!!!!!!!!!!!!!!!!!!!!!!!
(17:41 / All) hernando: exactly
(17:56 / All) hernando: TEAM NOCTURNA
(17:56 / All) THE_BLOODLAW: WOW
(17:59 / All) THE_BLOODLAW: THAT WAS THE WORST
(18:00 / All) THE_BLOODLAW: UD
(18:02 / All) THE_BLOODLAW: OF ALL TIME
(18:05 / All) THE_BLOODLAW: CL FIRST?
(18:06 / All) THE_BLOODLAW: SRSLY
(18:14 / All) hernando: nocturna got hold of his mind
(18:23 / All) THE_BLOODLAW: DON'T THINK YOU'VE WON
(18:29 / All) THE_BLOODLAW: I HAVE THE BLOODLAW
(19:04 / All) THE_BLOODLAW: AND I HAVE THE BEST UNIT IN THE GAME
(19:11 / All) hernando: the mechanical critter?
(19:19 / All) THE_BLOODLAW: NO BUT OJ STILL DOPESN'T GET IT
(19:33 / All) THE_BLOODLAW: I HOPE YOU DIDN'T LIKE MINING GOLD
(19:52 / Allies) hernando: lets see how the bloodlaw copes
(19:54 / All) THE_BLOODLAW: ESCAPE
(20:24 / Allies) hernando: cum
(21:19 / Allies) hernando: im running
(21:23 / Allies) hernando: our team has abandoned us
(21:32 / All) hernando: the bloodlaw is strong
(21:43 / All) hernando: it makes teammates abandon you in battle
(21:53 / All) THE_BLOODLAW: HE IS JUST TOO GOOD
(22:19 / All) hernando: we are gonna take turns getting raped by towers now
(22:23 / All) hernando: to honor the bloodlaw
(23:04 / All) THE_BLOODLAW: NO
(23:12 / All) hernando: outgunned
(23:20 / All) THE_BLOODLAW: DONT KILL PLZ
(23:20 / All) ErgoProxy_: NOCTURNA!!!!!!!!!!!!!1
(23:23 / All) hernando: lmao
(23:24 / All) THE_BLOODLAW: I NEED THE BLOODLAW
(23:27 / All) hernando: NOCTURNA!!!!!!!!!!!!!!!!!!!!!!!!
(23:35 / All) THE_BLOODLAW: NOCTURNA!!!
(23:51 / All) THE_BLOODLAW: DAMN IT
(23:54 / All) THE_BLOODLAW: YOU SLUTS KILLED MY FARMS
(24:06 / All) ErgoProxy_: NOCTURNA!!!!!